 Dungeon Crawl Stone Soup version 0.29.1-12-g30fa7ad0bf (webtiles) character file.

Game seed: 3852595920647324817

98 concernfroge the Trooper (level 4, -1/39 HPs)
             Began as a Mummy Monk on Dec 18, 2022.
             Slain by a jackal (2 damage)
             ... on level 1 of the Dungeon.
             The game lasted 00:09:43 (2330 turns).

concernfroge the Trooper (Mummy Monk)               Turns: 2330, Time: 00:09:44

Health: -1/39      AC:  2    Str: 16    XL:     4   Next: 44%
Magic:  4/4        EV: 12    Int:  9    God:
Gold:   103        SH:  0    Dex: 14    Spells: 3/3 levels left

rFire   x . .      SeeInvis .   g - +0 quarterstaff
rCold   + . .      Faith    .   (shield currently unavailable)
rNeg    + + +      Spirit   .   b - +0 robe
rPois   ∞          Reflect  .   (no helmet)
rElec   .          Harm     .   c - scarf {+Inv}
rCorr   .          Rampage  .   (no gloves)
Will    .....                   (no boots)
Stlth   ++........              (no amulet)
HPRegen 0.13/turn               (no ring)
MPRegen 0.09/turn               (no ring)

@: no status effects
A: cold resistance 1, negative energy resistance 3, torment resistance 2, heat
vulnerability 1, in touch with death 1, no potions
a: Evoke Invisibility


You were on level 1 of the Dungeon.
You visited 1 branch of the dungeon, and saw 3 of its levels.

You collected 103 gold pieces.

Inventory:

Hand Weapons
 a - a +0 spear
 d - a +0 falchion
 g - a +0 quarterstaff (weapon)
Missiles
 f - 2 stones (quivered)
Armour
 b - a +0 robe (worn)
 c - a scarf of invisibility (worn)
Scrolls
 e - a scroll of enchant armour


   Skills:
 + Level 5.3 Fighting
 - Level 2.4 Polearms
 - Level 2.4 Dodging
 - Level 1.5 Stealth


You had 3 spell levels left.
You didn't know any spells.
Your spell library contained the following spells:

 Spells                   Type           Power      Damage    Failure   Level
 Magic Dart               Conj           0%         1d3       38%         1
 Call Imp                 Summ           0%         N/A       52%         2
 Mephitic Cloud           Conj/Pois/Air  0%         N/A       77%         3


Dungeon Overview and Level Annotations

Branches:
Dungeon (3/15)

Altars:

Shops:
D:2 (

Annotations:
D:1 exclusion: downstairs
D:2 Robin


Innate Abilities, Weirdness & Mutations

You are immune to poison.
Your flesh is cold resistant. (rC+)
You are immune to negative energy. (rN+++)
You are immune to unholy pain and torment.
You are vulnerable to heat. (rF-)
You are in touch with the powers of death.
You do not drink.


Message History

* * * LOW HITPOINT WARNING * * *
The dart slug briefly extends its eye-stalks.
The ball python bites you.
* * * LOW HITPOINT WARNING * * *
The ball python grabs you. The ball python constricts you.
* * * LOW HITPOINT WARNING * * *
You escape the ball python's grasp.
The jackal misses you. The jackal bites you.
* * * LOW HITPOINT WARNING * * *
The jackal barely misses you.
The kobold shouts!
There is a stone staircase leading up here.
The jackal barely misses you. The jackal bites you.
* * * LOW HITPOINT WARNING * * *
The jackal closely misses you. x2
You climb upwards.
Level annotation: exclusion: downstairs
There is a stone staircase leading down here.
You hit the jackal.
The jackal is almost dead.
The jackal misses you. The jackal barely misses you. x2
The jackal bites you but does no damage.
You thump the jackal!
You kill the jackal!
The jackal misses you.
You hit the kobold.
The kobold is severely wounded.
The jackal bites you.
* * * LOW HITPOINT WARNING * * *
The jackal barely misses you. The kobold barely misses you.
You thump the kobold!
You kill the kobold!
The jackal bites you.
* * * LOW HITPOINT WARNING * * *
The jackal bites you but does no damage.
You hit the jackal.
The jackal is severely wounded.
The jackal bites you.
You die...

###'#####....#........#
#########
#.....###.#..#§§......#
#.....#8#..§.§§§......#
'..<..'K'...§§§§.....##
#..>..#8#....§.§......#
#.....###..#.#§.....).#
###'#####....#.....÷>)#
##≈.≈## ##..##........#
######## ####...@)....#
.......## ##.h†....##
........# ##......##
........#####..######
.......##....).#
########.......#
##...#.........#
.).###.........#
##.###.........#


You could see a jackal.

Vanquished Creatures
  An adder (D:1)
  2 gnolls (D:1)
  9 endoplasms
  5 giant cockroaches
  4 goblins
  7 hobgoblins
  5 jackals
  8 kobolds
  2 quokkas (D:1)
  5 ball pythons (D:1)
  3 bats
  4 frilled lizards
  6 rats
61 creatures vanquished.

Notes
Turn   | Place    | Note
-------+----------+-------------------------------------------
     0 | D:1      | concernfroge the Mummy Monk began the quest for the Orb.
     0 | D:1      | Reached XP level 1. HP: 18/18 MP: 1/1
   186 | D:1      | Reached XP level 2. HP: 24/24 MP: 2/2
   452 | D:1      | Reached skill level 4 in Fighting
   890 | D:2      | Noticed Robin
   915 | D:1      | Gained mutation: You are in touch with the powers of death.
                  | [Mummy growth]
   915 | D:1      | Reached XP level 3. HP: 26/31 MP: 3/3
  1583 | D:2      | Found Aqacric's Antique Weapon Shoppe.
  1609 | D:1      | Found a faded altar of an unknown god.
  1806 | D:1      | Reached skill level 5 in Fighting
  1806 | D:1      | Reached XP level 4. HP: 18/39 MP: 4/4
  2329 | D:1      | HP: 1/39 [jackal (3)]
  2330 | D:1      | Slain by a jackal

Illustrated notes

Levels and vault maps discovered:
D:1:      shiori_arrival_elements, layout_rooms, ebering_ecumenical_altar_rust
D:2:      layout_rooms, serial_shops, shop, st_stairs_11, uniq_robin
D:3:      layout_basic

Skill      XL: |  1  2  3 |
---------------+----------+-----
Fighting       | 4 5 |  5.3
Polearms       | |  2.4
Dodging        | |  2.4
Stealth        | |  1.5

Action                   |  1- 3 |  4- 6 || total
-------------------------+-------+-------++-------
Melee: Spear             |   142 |     7 ||   149
       Punch             |     1 |       ||     1
       Quarterstaff      |       |    34 ||    34
Throw: Stone             |    15 |    17 ||    32
  Use: Scroll            |     4 |     2 ||     6
 Stab: Sleeping          |     4 |       ||     4
Armor: Robe              |    20 |     7 ||    27
Dodge: Dodged            |    76 |    34 ||   110
